 Dungeon Crawl Stone Soup version 0.17.1-1-g73c8601 (console) character file.

10292 Kloppie the Fighter (level 11, 0/104 HPs)
             Began as a Centaur Fighter on Dec 13, 2015.
             Was a Believer of Elyvilon.
             Killed from afar by a deep elf mage (21 damage)
             ... with an orb of energy
             ... on level 9 of the Dungeon.
             The game lasted 00:20:52 (12723 turns).

Kloppie the Fighter (Centaur Fighter)              Turns: 12723, Time: 00:20:52

Health: 0/104      AC: 14    Str: 21    XL:     11   Next: 34%
Magic:  17/17      EV:  9    Int:  7    God:    Elyvilon [**....]
Gold:   400        SH:  0    Dex: 10    Spells: 0 memorised, 10 levels left

rFire  . . .     SeeInvis .     T - +0 battleaxe
rCold  . . .     Clarity  .     b - +0 scale mail
rNeg   + . .     SustAt   .     (shield currently unavailable)
rPois  .         Gourm    .     (no helmet)
rElec  .         Spirit   .     (no cloak)
rCorr  .         Warding  +     x - +1 pair of gloves
rMut   .         Stasis   .     (no barding)
MR     .....                    E - amulet of warding
Stlth  ..........               u - +2 ring of evasion
                                y - +6 ring of protection

@: starving, slowed, not resistant to hostile enchantments, extremely unstealthy
A: hooves 3, deformed body, speed 2, tough skin 3
a: Lesser Healing, Heal Other, Divine Protection, Renounce Religion


You were on level 9 of the Dungeon.
You worshipped Elyvilon.
Elyvilon was pleased with you.
You were starving.

You visited 2 branches of the dungeon, and saw 11 of its levels.

You collected 400 gold pieces.

Inventory:

Hand Weapons
 a - a +1 war axe of freezing
 j - a +2 hand axe of chopping
 T - a +0 battleaxe (weapon)
Armour
 b - a +0 scale mail (worn)
 c - a +0 shield
 x - a +1 pair of gloves (worn)
 M - a +0 plate armour
Jewellery
 p - an uncursed amulet of faith
 u - a +2 ring of evasion (right hand)
 v - an uncursed ring of positive energy
 y - a +6 ring of protection (left hand)
 E - an amulet of warding (around neck)
 F - an uncursed ring of protection from magic
 U - an uncursed amulet of rage {unknown}
Wands
 C - a wand of flame (14)
 D - a wand of frost (26)
 G - a wand of fire (8)
 K - a wand of enslavement (10)
 R - a wand of slowing (25)
 V - a wand of flame (29)
 Y - a wand of magic darts (27)
Scrolls
 d - 2 scrolls of remove curse
 g - 7 scrolls of identify
 h - 4 scrolls of enchant weapon
 m - 5 scrolls of immolation
 n - 2 scrolls of teleportation
 o - 2 scrolls of enchant armour
 A - a scroll of noise {unknown}
 B - a scroll of amnesia
 Q - 2 scrolls of fear
Potions
 q - a potion of flight {unknown}
 r - 4 potions of brilliance
 s - 4 potions of curing
 t - a potion of might
 w - a potion of haste
 z - 3 potions of magic
 H - a potion of mutation
 I - 2 potions of ambrosia {unknown}
 P - a potion of poison {unknown}
 W - a potion of beneficial mutation {unknown}
 X - a potion of agility {unknown}
Books
 J - a book of the Warp

   Spells                             Type                      Level
   a - Recall                         Summoning/Translocation      3
   b - Gell's Gravitas                Hexes/Translocation          3
   c - Force Lance                    Conjuration/Translocation    4
   d - Phase Shift                    Translocation                5
   e - Warp Weapon                    Charms/Translocation         5
   f - Summon Forest                  Summoning/Translocation      5
 L - a book of Hinderance

   Spells                             Type                      Level
   a - Confusing Touch                Hexes                        2
   b - Confuse                        Hexes                        3
   c - Gell's Gravitas                Hexes/Translocation          3
   d - Petrify                        Transmutation/Earth          4
   e - Metabolic Englaciation         Hexes/Ice                    5
 S - a Fen Folio

   Spells                             Type                      Level
   a - Corpse Rot                     Necromancy                   2
   b - Stone Arrow                    Conjuration/Earth            3
   c - Leda's Liquefaction            Hexes/Earth                  4
   d - Summon Forest                  Summoning/Translocation      5
   e - Hydra Form                     Transmutation                6
   f - Summon Hydra                   Summoning                    7
Comestibles
 e - 10 bread rations
 f - 5 meat rations
 i - 3 beef jerkies
 k - 3 fruits
 l - 5 slices of pizza
 N - a chunk of flesh
 O - a royal jelly


   Skills:
 + Level 11.9 Fighting
 + Level 10.6 Axes
 - Level 2.1 Armour
 - Level 2.1 Shields
 - Level 8.0 Invocations


You had 10 spell levels left.
You didn't know any spells.

Dungeon Overview and Level Annotations

Branches:
Dungeon (10/15)            Temple (1/1) D:4            Lair (0/8) D:8
    Orc (0/4) D:9

Altars:
Ashenzari
Cheibriados
Dithmenos
Elyvilon
Fedhas
Gozag
Kikubaaqudgha
Makhleb
Nemelex Xobeh
Okawaru
Qazlal
Ru
Sif Muna
Trog
Vehumet
Xom
Yredelemnul
Zin
The Shining One
Jiyva

Annotations:
D:10 Gastronok


Innate Abilities, Weirdness & Mutations

You have hooves in place of feet.
Armour fits poorly on your strangely shaped body.
You cover ground very quickly.
You have extremely tough skin (AC +3).


Message History

You climb upwards.
There is a stone staircase leading down here.
You slash the deep elf mage! Your kick misses the deep elf mage.
The deep elf mage is heavily wounded.
The deep elf mage hits you but does no damage.
You hit the deep elf mage but do no damage.
You kick the deep elf mage, but do no damage.
The deep elf mage is heavily wounded.
The deep elf mage points at you and mumbles some strange words.
You resist with some effort.
The deep elf mage mumbles some strange words.
The deep elf mage blinks!
The deep elf mage casts a spell at you. You resist with some effort.
You slash the deep elf mage!
You kick the deep elf mage, but do no damage.
The deep elf mage is almost dead.
The deep elf mage casts a spell at you. The orb of energy hits you!
You die...

......# ####'##
#.#.).#. #######
####.# #####'## ..##
#....# #.# #..###
###'####### #.# ##...#
#.........# #.#
####'#### #.........#
#.# #.......#
#.........# #<#
#.......# #.........#
#.#
#.......###.....@e..#
#.#
'.......#.'....><...#
#.#
#.......#.#.....ยง..>#
#.#
#.......#.#..>......#
#.#
#.......#.#.........#
#.#
#....<).'.#.........#
#.#
#.......###.........#
#.# #...#####
###'####### #.#
..####### #...#
######'##


You could see a deep elf mage.

Vanquished Creatures
  The ghost of Wutend the Carver, a novice OpFi of Dithmenos (D:8)
  2 unseen horrors (D:10)
  2 trolls
  Prince Ribbit (D:7)
  A two-headed ogre (D:9)
  A human (D:7)
  A hog (D:7)
  2 hungry ghosts (D:10)
  2 hippogriffs
  A basilisk (D:8)
  8 yaks
  Menkaure (D:7)
  2 water moccasins (D:5)
  Duvessa (D:5)
  4 orc warriors
  A black bear (D:7)
  2 porcupines (D:8)
  2 phantoms
  4 sky beasts
  A necrophage (D:9)
  An eye of draining (D:9)
  2 ogres
  5 giant frogs
  3 centaurs
  2 crocodiles
  A big kobold (D:10)
  Dowan (D:5)
  2 scorpions
  9 killer bees
  18 wights
  3 crimson imps
  6 orc priests
  3 centaur zombies
  4 hounds
  6 orc wizards
  A centaur skeleton (D:6)
  A giant frog skeleton (D:10)
  10 worker ants
  5 iguanas
  3 sheep (D:7)
  A hound skeleton (D:5)
  3 gnolls (D:7)
  A worker ant zombie (D:7)
  5 river rats (D:8)
  10 adders
  2 shadow imps
  An adder skeleton (D:4)
  An adder zombie (D:5)
  7 giant geckos
  44 orcs
  3 ball pythons
  6 giant cockroaches
  8 hobgoblins
  10 jackals
  8 bats
  2 giant newts (D:1)
  6 goblins
  13 kobolds
  3 quokkas
  A quokka skeleton (D:7)
  6 rats
267 creatures vanquished.

Vanquished Creatures (others)
  2 bushes (D:8)
  A fungus (D:8)
  6 plants (D:8)
9 creatures vanquished.

Grand Total: 276 creatures vanquished

Notes
Turn   | Place    | Note
--------------------------------------------------------------
     0 | D:1      | Kloppie the Centaur Fighter began the quest for the Orb.
     0 | D:1      | Reached XP level 1. HP: 19/19 MP: 1/1
   208 | D:1      | Reached XP level 2. HP: 21/26 MP: 2/2
   589 | D:2      | Reached XP level 3. HP: 33/33 MP: 3/3
   815 | D:2      | Found a bloodstained altar of Trog.
   974 | D:2      | Reached skill level 4 in Fighting
  1155 | D:2      | Found a burning altar of Makhleb.
  1155 | D:2      | Found a shimmering altar of Xom.
  1314 | D:2      | Found an iron altar of Okawaru.
  1314 | D:2      | Found a snail-covered altar of Cheibriados.
  1441 | D:3      | Reached XP level 4. HP: 40/40 MP: 4/4
  1592 | D:3      | Found a shattered altar of Ashenzari.
  2157 | D:4      | Reached XP level 5. HP: 37/47 MP: 5/5
  2163 | D:4      | Found a staircase to the Ecumenical Temple.
  2176 | D:4      | Reached skill level 5 in Fighting
  2181 | Temple   | Entered the Ecumenical Temple
  2821 | D:4      | Reached XP level 6. HP: 29/56 MP: 6/6
  3396 | D:4      | Noticed a phantom
  3696 | D:4      | Killed a phantom
  3952 | D:4      | Reached skill level 6 in Fighting
  3968 | D:4      | Reached XP level 7. HP: 49/63 MP: 7/7
  4140 | D:5      | Entered Level 5 of the Dungeon
  4220 | D:5      | Reached skill level 5 in Axes
  4315 | D:5      | Noticed Duvessa
  4315 | D:5      | Noticed Dowan
  4324 | D:5      | Killed Duvessa
  4339 | D:5      | Killed Dowan
  4926 | D:5      | Reached skill level 7 in Fighting
  5342 | D:5      | Reached XP level 8. HP: 64/73 MP: 8/8
  6243 | D:6      | Reached skill level 8 in Fighting
  6486 | D:6      | Found a basalt altar of Yredelemnul.
  6554 | D:6      | Found a stormy altar of Qazlal.
  7009 | D:6      | Found a glowing golden altar of the Shining One.
  7105 | D:7      | Reached skill level 9 in Fighting
  7112 | D:7      | Reached XP level 9. HP: 76/83 MP: 9/9
  7180 | D:7      | Found a white marble altar of Elyvilon.
  7184 | D:7      | Became a worshipper of Elyvilon the Healer
  7241 | D:7      | Noticed a troll
  7257 | D:7      | Killed a troll
  7632 | D:7      | Found a sacrificial altar of Ru.
  7700 | D:7      | Noticed Menkaure
  7706 | D:7      | Killed Menkaure
  7855 | D:7      | Reached skill level 10 in Fighting
  7899 | D:7      | Noticed Prince Ribbit
  7908 | D:7      | Killed Prince Ribbit
  8169 | D:8      | Noticed Wutend's ghost (novice OpFi)
  8628 | D:8      | Killed Wutend's ghost
  8628 | D:8      | Reached XP level 10. HP: 79/94 MP: 10/10
  8662 | D:8      | Reached skill level 11 in Fighting
  8703 | D:8      | Reached skill level 10 in Axes
  9280 | D:8      | Found a staircase to the Lair.
  9400 | D:8      | Reached * piety under Elyvilon
  9640 | D:9      | Reached skill level 1 in Invocations
 10051 | D:9      | Reached ** piety under Elyvilon
 10122 | D:9      | Found a staircase to the Orcish Mines.
 10215 | D:9      | Reached skill level 5 in Invocations
 10473 | D:9      | Found an ancient bone altar of Kikubaaqudgha.
 10474 | D:9      | Found a blossoming altar of Fedhas.
 10552 | D:10     | Entered Level 10 of the Dungeon
 10761 | D:10     | Reached XP level 11. HP: 72/103 MP: 15/15
 10926 | D:10     | Killed an unseen horror
 11283 | D:10     | Noticed Gastronok
 12278 | D:10     | Killed an unseen horror
 12723 | D:9      | Killed from afar by a deep elf mage

Action                   |  1- 3 |  4- 6 |  7- 9 | 10-12 || total
-------------------------+-------+-------+-------+-------++-------
Melee: War axe           |   140 |   174 |   375 |   149 ||   838
       Battleaxe         |       |       |       |   259 ||   259
  Use: Potion            |       |     1 |       |     4 ||     5
       Scroll            |       |       |    16 |     1 ||    17
  Eat: Chunk             |     1 |     6 |    13 |     8 ||    28
       Beef jerky        |       |       |     1 |       ||     1
       Pizza             |       |       |       |     4 ||     4
       Bread ration      |       |       |       |     2 ||     2
